TOP OF THE 1ST |
---|
Bismarck Barons batting - Pitching for Casper Ghosts : RHP Larry Jenkins | Pitching: RHP Larry Jenkins | | Batting: LHB Orlando Hernández | 0-0: SINGLE (Line Drive, 6D) | Batting: RHB Terry Perkins | 0-0: Ball 1-0: Called Strike 1-1: Swinging Strike 1-2: SINGLE (Groundball, 34) (infield hit) Orlando Hernández to second | Batting: RHB Pedro García | 0-0: Ball 1-0: Fielders Choice at 2nd, 6-4 (Groundball, 6) Orlando Hernández to third | Batting: LHB Brian Easdale | 0-0: Ball 1-0: Foul Ball, location: 2F 1-1: Ball 2-1: Swinging Strike 2-2: Strikes out swinging | Batting: RHB Eugenio Maldonado | 0-0: Ball 1-0: Ball 2-0: Ball 3-0: Called Strike 3-1: Swinging Strike 3-2: Base on Balls Pedro García to second | Batting: LHB António Chávez | 0-0: Called Strike 0-1: Ball 1-1: Swinging Strike 1-2: Strikes out swinging | Top of the 1st over - 0 runs, 2 hits, 0 errors, 3 left on base; Bismarck 0 - Casper 0 | BOTTOM OF THE 1ST |
---|
Casper Ghosts batting - Pitching for Bismarck Barons : RHP Robinson Alomar | Pitching: RHP Robinson Alomar | | Batting: RHB Troy Reed | 0-0: Ball 1-0: Foul Ball, location: 2F 1-1: Foul Ball, location: 2F 1-2: Ball 2-2: Foul Ball, location: 2F 2-2: Ball 3-2: Foul Ball, location: 2F 3-2: Ground out 3-1 (Groundball, 34) | Batting: RHB Robert Acosta | 0-0: Foul Ball, location: 2F 0-1: Ball 1-1: Ball 2-1: Foul Ball, location: 2F 2-2: Strikes out looking | Batting: RHB Paul Richard | 0-0: Called Strike 0-1: Ground out 1-3 (Groundball, P) | Bottom of the 1st over - 0 runs, 0 hits, 0 errors, 0 left on base; Bismarck 0 - Casper 0 | TOP OF THE 2ND |
---|
Bismarck Barons batting - Pitching for Casper Ghosts : RHP Larry Jenkins | Batting: RHB Xie-li Fong | 0-0: Called Strike 0-1: Swinging Strike 0-2: Ball 1-2: Ground out 4-3 (Groundball, 4) | Batting: RHB Mark Roy | 0-0: Ball 1-0: Ground out 6-3 (Groundball, 6) | Batting: RHB Rubén Palma | 0-0: Ball 1-0: Called Strike 1-1: Swinging Strike 1-2: Ball 2-2: Foul Ball, location: 2F 2-2: Fly out, F4 (Line Drive, 4) | Top of the 2nd over - 0 runs, 0 hits, 0 errors, 0 left on base; Bismarck 0 - Casper 0 | BOTTOM OF THE 2ND |
---|
Casper Ghosts batting - Pitching for Bismarck Barons : RHP Robinson Alomar | Batting: RHB Mark Arnold | 0-0: Swinging Strike 0-1: Called Strike 0-2: Ball 1-2: Strikes out swinging | Batting: LHB Luis Rodríguez | 0-0: Called Strike 0-1: Called Strike 0-2: Ball 1-2: Ball 2-2: Fly out, F9 (Flyball, 89D) | Batting: RHB Miguel Toro | 0-0: Called Strike 0-1: Ball 1-1: Ground out 1-3 (Groundball, 15S) | Bottom of the 2nd over - 0 runs, 0 hits, 0 errors, 0 left on base; Bismarck 0 - Casper 0 | TOP OF THE 3RD |
---|
Bismarck Barons batting - Pitching for Casper Ghosts : RHP Larry Jenkins | Batting: LHB Orlando Hernández | 0-0: Ball 1-0: Ground out 3-1 (Groundball, 3S) | Batting: RHB Terry Perkins | 0-0: Called Strike 0-1: Ball 1-1: Fly out, F9 (Flyball, 9D) | Batting: RHB Pedro García | 0-0: Called Strike 0-1: Ball 1-1: Ball 2-1: Foul Ball, location: 2F 2-2: SINGLE (Groundball, 6MD) | Batting: LHB Brian Easdale | 0-0: Called Strike 0-1: Ball 1-1: Called Strike 1-2: Ball 2-2: Ground out 3-1 (Groundball, 34S) | Top of the 3rd over - 0 runs, 1 hit, 0 errors, 1 left on base; Bismarck 0 - Casper 0 | BOTTOM OF THE 3RD |
---|
Casper Ghosts batting - Pitching for Bismarck Barons : RHP Robinson Alomar | Batting: SHB José González | 0-0: Ball 1-0: Swinging Strike 1-1: Ball 2-1: Ball 3-1: Swinging Strike 3-2: Strikes out swinging | Batting: RHB Hunter Plunket | 0-0: Ball 1-0: Ball 2-0: Called Strike 2-1: Foul Ball, location: 2F 2-2: SINGLE (Line Drive, 4D) | Batting: RHB Peter Bryant | 0-0: Ball Wild Pitch! Hunter Plunket to second 1-0: Ball 2-0: Called Strike 2-1: Foul Ball, location: 2F 2-2: Ground out 6-3 (Groundball, 6) | Batting: RHB Troy Reed | 0-0: Ball 1-0: Ball 2-0: Foul Ball, location: 2F 2-1: Foul Ball, location: 2F 2-2: Reached on error, E9 (Flyball, 9D) Hunter Plunket scores | Batting: RHB Robert Acosta | 0-0: Ball 1-0: Called Strike 1-1: Called Strike 1-2: Strikes out swinging | Bottom of the 3rd over - 1 run, 1 hit, 1 error, 1 left on base; Bismarck 0 - Casper 1 | TOP OF THE 4TH |
---|
Bismarck Barons batting - Pitching for Casper Ghosts : RHP Larry Jenkins | Batting: RHB Eugenio Maldonado | 0-0: Swinging Strike 0-1: Ground out 2-3 (Groundball, 2R) | Batting: LHB António Chávez | 0-0: Called Strike 0-1: Ground out 6-3 (Groundball, 6M) | Batting: RHB Xie-li Fong | 0-0: Called Strike 0-1: Swinging Strike 0-2: Ball 1-2: Foul Ball, location: 2F 1-2: Strikes out swinging | Top of the 4th over - 0 runs, 0 hits, 0 errors, 0 left on base; Bismarck 0 - Casper 1 | BOTTOM OF THE 4TH |
---|
Casper Ghosts batting - Pitching for Bismarck Barons : RHP Robinson Alomar | Batting: RHB Paul Richard | 0-0: SINGLE (Groundball, 6MD) | Batting: RHB Mark Arnold | 0-0: Called Strike Paul Richard is caught stealing 2nd base 0-1: Ball 1-1: Swinging Strike 1-2: Foul Ball, location: 2F 1-2: Ground out 1-3 (Groundball, 13) | Batting: LHB Luis Rodríguez | 0-0: Ball 1-0: Ground out 3-1 (Groundball, 34) | Bottom of the 4th over - 0 runs, 1 hit, 0 errors, 0 left on base; Bismarck 0 - Casper 1 | TOP OF THE 5TH |
---|
Bismarck Barons batting - Pitching for Casper Ghosts : RHP Larry Jenkins | Batting: RHB Mark Roy | 0-0: Ball 1-0: Called Strike 1-1: Reached on error, E1 (Groundball, P) | Batting: RHB Rubén Palma | 0-0: Ball 1-0: Ball 2-0: Foul Ball, location: 2F 2-1: SINGLE (Line Drive, 89S) Mark Roy to second | Batting: LHB Orlando Hernández | 0-0: Foul Ball, location: 2F 0-1: Ball 1-1: Swinging Strike 1-2: Ball 2-2: Fly out, F7 (Line Drive, 78S) | Batting: RHB Terry Perkins | 0-0: Swinging Strike 0-1: SINGLE (Line Drive, 89M) Mark Roy to third Rubén Palma to second Runner from 3rd tries for Home, SAFE, no throw | Batting: RHB Pedro García | 0-0: Fly out, F9 (Flyball, 9LSF) | Batting: LHB Brian Easdale | 0-0: Foul Ball, location: 2F 0-1: Swinging Strike 0-2: Foul Ball, location: 2F 0-2: Strikes out swinging | Top of the 5th over - 1 run, 2 hits, 1 error, 2 left on base; Bismarck 1 - Casper 1 | BOTTOM OF THE 5TH |
---|
Casper Ghosts batting - Pitching for Bismarck Barons : RHP Robinson Alomar | Batting: RHB Miguel Toro | 0-0: Ball 1-0: Foul Ball, location: 2F 1-1: Ball 2-1: Ball 3-1: Foul Ball, location: 2F 3-2: Ground out 4-3 (Groundball, 4S) | Batting: SHB José González | 0-0: Ground out 5-3 (Groundball, 5) | Batting: RHB Hunter Plunket | 0-0: Ball 1-0: Foul Ball, location: 2F 1-1: Ball 2-1: Ground out 4-3 (Groundball, 4S) | Bottom of the 5th over - 0 runs, 0 hits, 0 errors, 0 left on base; Bismarck 1 - Casper 1 | TOP OF THE 6TH |
---|
Bismarck Barons batting - Pitching for Casper Ghosts : RHP Larry Jenkins | Batting: RHB Eugenio Maldonado | 0-0: Swinging Strike 0-1: Foul Ball, location: 2F 0-2: Ball 1-2: Strikes out swinging | Batting: LHB António Chávez | 0-0: Ball 1-0: Called Strike 1-1: Ball 2-1: Foul Ball, location: 2F 2-2: Foul Ball, location: 2F 2-2: Ball 3-2: SINGLE (Line Drive, 56) | Batting: RHB Xie-li Fong | 0-0: Grounds into double play, 6-4-3 (Groundball, 6) | Top of the 6th over - 0 runs, 1 hit, 0 errors, 0 left on base; Bismarck 1 - Casper 1 | BOTTOM OF THE 6TH |
---|
Casper Ghosts batting - Pitching for Bismarck Barons : RHP Robinson Alomar | Batting: RHB Peter Bryant | 0-0: Called Strike 0-1: Ball 1-1: Called Strike 1-2: Strikes out swinging | Batting: RHB Troy Reed | 0-0: Foul Ball, location: 2F 0-1: Ball 1-1: Called Strike 1-2: Ground out 4-3 (Groundball, 4) | Batting: RHB Robert Acosta | 0-0: Ground out 5-3 (Groundball, 56) | Bottom of the 6th over - 0 runs, 0 hits, 0 errors, 0 left on base; Bismarck 1 - Casper 1 | TOP OF THE 7TH |
---|
Bismarck Barons batting - Pitching for Casper Ghosts : RHP Larry Jenkins | Pinch Hitting: LHB Corey MacGregor | 0-0: Called Strike 0-1: Foul Ball, location: 2F 0-2: Ball 1-2: Ball 2-2: Ball 3-2: Fly out, F8 (Flyball, 8LS) | Pinch Hitting: LHB Jorge Fernández | 0-0: Foul Ball, location: 2F 0-1: Ball 1-1: Ground out U3 (Groundball, 34) | Batting: LHB Orlando Hernández | 0-0: Ball 1-0: Swinging Strike 1-1: Foul Ball, location: 2F 1-2: Ball 2-2: Ball 3-2: Fly out, F9 (Flyball, 9LD) | Top of the 7th over - 0 runs, 0 hits, 0 errors, 0 left on base; Bismarck 1 - Casper 1 | BOTTOM OF THE 7TH |
---|
Casper Ghosts batting - Pitching for Bismarck Barons : RHP Robinson Alomar | Now at 2B: Pancho Torres | | Now at 3B: Tomás Rivera | | Batting: RHB Paul Richard | 0-0: SINGLE (Groundball, 6M) (infield hit) | Batting: RHB Mark Arnold | 0-0: Ball 1-0: Foul Ball, location: 2F 1-1: Ball 2-1: Foul Ball, location: 2F 2-2: Foul Ball, location: 2F 2-2: Foul Ball, location: 2F 2-2: Ball 3-2: SINGLE (Groundball, 6MD) Paul Richard to second Paul Richard to third | Batting: LHB Luis Rodríguez | 0-0: Called Strike 0-1: Ball 1-1: Ball 2-1: Foul Ball, location: 2F Balk! Paul Richard scores Mark Arnold to second 2-2: Ball 3-2: Intentional Walk | Pitching: RHP Alfredo Escamilla | | Batting: RHB Miguel Toro | 0-0: Ball 1-0: Ball 2-0: Ball 3-0: Called Strike 3-1: Base on Balls Mark Arnold to third Luis Rodríguez to second | Batting: SHB José González | 0-0: Called Strike 0-1: Called Strike 0-2: Ball 1-2: Ball 2-2: Strikes out looking | Batting: RHB Hunter Plunket | 0-0: Called Strike 0-1: Ball 1-1: Swinging Strike 1-2: Ball 2-2: Foul Ball, location: 2F 2-2: Ball 3-2: Base on Balls Mark Arnold scores Luis Rodríguez to third Miguel Toro to second | Batting: RHB Peter Bryant | 0-0: Called Strike 0-1: Fly out, F8 (Flyball, 8RXD) Runner from 3rd tags up, SCORES, no throw Miguel Toro to third | Batting: RHB Troy Reed | 0-0: Called Strike 0-1: SINGLE (Groundball, 56D) Miguel Toro scores Hunter Plunket to second | Batting: RHB Robert Acosta | 0-0: Ball 1-0: Ball 2-0: Ball 3-0: Base on Balls Hunter Plunket to third Troy Reed to second | Batting: RHB Paul Richard | 0-0: Foul Ball, location: 2F 0-1: Ball 1-1: Foul Ball, location: 2F 1-2: Ball 2-2: Fielders Choice at 2nd, 5-4 (Groundball, 5) | Bottom of the 7th over - 4 runs, 3 hits, 0 errors, 3 left on base; Bismarck 1 - Casper 5 | TOP OF THE 8TH |
---|
Bismarck Barons batting - Pitching for Casper Ghosts : RHP Larry Jenkins | Pitching: RHP Willie Alexander | | Batting: RHB Terry Perkins | 0-0: Ball 1-0: SOLO HOME RUN (Flyball, 7D), Distance : 382 ft | Batting: RHB Pedro García | 0-0: Foul Ball, location: 2F 0-1: Ball 1-1: Called Strike 1-2: Strikes out swinging | Batting: LHB Brian Easdale | 0-0: Called Strike 0-1: Fly out, F7 (Flyball, 7LS) | Batting: RHB Eugenio Maldonado | 0-0: Ball 1-0: Fly out, F8 (Flyball, 8RM) | Top of the 8th over - 1 run, 1 hit, 0 errors, 0 left on base; Bismarck 2 - Casper 5 | BOTTOM OF THE 8TH |
---|
Casper Ghosts batting - Pitching for Bismarck Barons : RHP Alfredo Escamilla | Batting: RHB Mark Arnold | 0-0: Ball 1-0: Foul Ball, location: 2F 1-1: SINGLE (Flyball, 78S) | Pitching: LHP Charlie Conner | | Batting: LHB Luis Rodríguez | 0-0: Ball 1-0: Foul Ball, location: 2F 1-1: Swinging Strike 1-2: Grounds into double play, 4-6-3 (Groundball, 34) | Pitching: RHP Domingo León | | Batting: RHB Miguel Toro | 0-0: Ball 1-0: Swinging Strike 1-1: Swinging Strike 1-2: Strikes out swinging | Bottom of the 8th over - 0 runs, 1 hit, 0 errors, 0 left on base; Bismarck 2 - Casper 5 | TOP OF THE 9TH |
---|
Bismarck Barons batting - Pitching for Casper Ghosts : RHP Willie Alexander | Pitching: RHP Pablo Lima | | Batting: LHB António Chávez | 0-0: Foul Ball, location: 2F 0-1: Called Strike 0-2: Ball 1-2: Foul Ball, location: 2F 1-2: Ball 2-2: Foul Ball, location: 2F 2-2: Foul Ball, location: 2F 2-2: Foul Ball, location: 2F 2-2: Ball 3-2: Foul Ball, location: 2F 3-2: Base on Balls | Batting: RHB Xie-li Fong | 0-0: Called Strike 0-1: Swinging Strike 0-2: Strikes out swinging | Batting: RHB Pancho Torres | 0-0: Ball 1-0: Ground out 5-3 (Groundball, 56S) António Chávez to second | Batting: RHB Tomás Rivera | 0-0: Ball 1-0: Called Strike 1-1: Ball 2-1: Ball 3-1: Swinging Strike 3-2: Strikes out swinging | Top of the 9th over - 0 runs, 0 hits, 0 errors, 1 left on base; Bismarck 2 - Casper 5 | |